 Dungeon Crawl Stone Soup version 0.29-a0-885-gb26ba3297d (webtiles) character file.

Game seed: 5783957115484861402

183 xian the Grave Robber (level 5, -2/57 HPs)
             Began as a Palentonga Necromancer on July 20, 2022.
             Slain by a mummy (13 damage)
             ... in an ossuary.
             The game lasted 00:14:03 (4547 turns).

xian the Grave Robber (Palentonga Necromancer)      Turns: 4547, Time: 00:14:03

Health: -2/57      AC:  9    Str: 20    XL:     5   Next: 35%
Magic:  9/9        EV: 10    Int: 15    God:
Gold:   164        SH:  0    Dex: 10    Spells: 2/10 levels left

rFire   . . .      SeeInvis +   s - +1 dagger (venom)
rCold   + . .      Faith    .   (no shield)
rNeg    . . .      Spirit   .   k - +2 robe {rC+}
rPois   .          Reflect  .   d - +1 hat
rElec   .          Harm     .   r - +1 cloak
rCorr   +          Rampage  .   (no gloves)
Will    .....                   (no barding)
Stlth   ..........              (no amulet)
HPRegen 0.19/turn               q - ring of resist corrosion
MPRegen 0.11/turn               u - +6 ring of strength

@: berserking, marked, attractive, very quick
A: large, rugged brown scales 3, see invisible, deformed body, roll 1, armoured
tail
a: Rolling Charge


You were in an ossuary.
You visited 1 branch of the dungeon, and saw 4 of its levels.
You also visited: Ossuary.

You collected 164 gold pieces.

Inventory:

Hand Weapons
 s - a +1 dagger of venom (weapon)
Missiles
 j - 5 poisoned darts
Armour
 d - a +1 hat (worn)
 f - a scarf of shadows
 k - a +2 robe of cold resistance (worn)
 r - a +1 cloak (worn)
Jewellery
 l - a ring of protection from fire
 q - a ring of resist corrosion (left hand)
 u - a +6 ring of strength (right hand)
Wands
 g - a wand of flame (2)
Scrolls
 c - a scroll of enchant weapon {unknown}
 m - a scroll of butterflies {unknown}
 n - a scroll of magic mapping {unknown}
 t - a scroll of fear
Potions
 a - a potion of cancellation {unknown}
 b - a potion of magic
 e - 2 potions of heal wounds {unknown}
 h - 2 potions of curing
 o - a potion of mutation {unknown}
 p - a potion of attraction


   Skills:
 + Level 0.6 Fighting
 + Level 1.0 Short Blades
 + Level 0.8 Axes
 + Level 1.9 Dodging
 + Level 1.8 Stealth
 + Level 0.4 Unarmed Combat
 + Level 3.1 Spellcasting
 + Level 5.1 Necromancy


You had 2 spell levels left.
You knew the following spells:

 Your Spells              Type           Power      Damage    Failure   Level
a - Necrotise             Necr           68%        1d7       2%          1
b - Vampiric Draining     Necr           17%        2d7       8%          3
c - Animate Dead          Necr           17%        N/A       24%         4

Your spell library contained the following spells:

 Spells                   Type           Power      Damage    Failure   Level
 Ozocubu's Armour         Ice            2%         N/A       52%         3
 Agony                    Necr           17%        N/A       56%         5
 Metabolic Englaciation   Hex/Ice        1%         N/A       99%         5
 Simulacrum               Ice/Necr       5%         N/A       100%        6


Dungeon Overview and Level Annotations

Branches:
Dungeon (4/15)            Ossuary (1/1)
 Temple: D:4-7

Altars:


Innate Abilities, Weirdness & Mutations

You are completely covered in rugged brown scales. (AC +3, +7% HP)
You have supernaturally acute eyesight. (SInv)
Armour fits poorly on your strangely shaped body.
You can roll at nearby foes to attack.
You have a long armoured tail.


Message History

You destroy the kobold zombie!
You hit the elf zombie.
Your tail-slap misses the elf zombie.
The elf zombie is lightly damaged.
The elf zombie hits you.
You hit the elf zombie.
Your tail-slap misses the elf zombie.
The elf zombie is lightly damaged.
You hit the elf zombie. You tail-slap the elf zombie.
The elf zombie is moderately damaged.
The elf zombie hits you.
You hit the elf zombie.
Your tail-slap misses the elf zombie.
The elf zombie is moderately damaged.
The elf zombie hits you.
* * * LOW HITPOINT WARNING * * *
You closely miss the elf zombie.
The elf zombie is moderately damaged.
The elf zombie hits you but does no damage.
You hit the elf zombie.
The elf zombie is moderately damaged.
You completely miss the mummy. You hit the mummy but do no damage.
You hit the mummy but do no damage. The mummy misses you.
You hit the mummy.
The mummy is lightly damaged.
You hit the mummy.
The mummy is moderately damaged.
The mummy hits you!
* * * LOW HITPOINT WARNING * * *
You feel better.
It was a potion of attraction.
You feel attractive to monsters. The mummy misses you.
The hobgoblin zombie is attracted toward you.
The elf zombie is attracted toward you. The orc zombie is attracted toward you.
It was a potion of berserk rage.
A red film seems to cover your vision as you go berserk!
You feel yourself moving faster!
You feel mighty!
You barely miss the mummy.
The mummy is moderately damaged.
The mummy hits you!
You die...

######################
#.........∩∩.........#
#....................#
#...##############...#
#...# #...#!!!#...#
#...#.####...#@?!#...#
#...#.......ZM####...#
#...# ####.ZZZ...#...#
#.ZZ# #..ZMZ..#...#
#..Z# #..ZZ...#...#
#ZZZ#.####.§.Z...#...#
#.ZZ#.......§....#...#
#...#.####.§####.#...#
#...# #..# .#...#


You could see 2 mummies, an adder zombie, a hobgoblin zombie, a kobold zombie,
an orc zombie, 2 elf zombies, a centaur zombie and a human zombie.

Vanquished Creatures
  A hound (D:4)
  An orc wizard (D:3)
  5 adders
  A worm zombie (D:4)
  An adder zombie (Ossuary)
  2 worms
  A dart slug (D:1)
  7 orcs (D:3)
  3 ball pythons
  5 endoplasms
  2 giant cockroaches (D:1)
  3 goblins
  A hobgoblin (D:3)
  2 quokkas
  3 bats
  3 frilled lizards
  8 hobgoblin zombies (Ossuary)
  A jackal zombie (Ossuary)
  6 kobolds
  9 kobold zombies (Ossuary)
  4 orc zombies (Ossuary)
  4 rats (D:1)
73 creatures vanquished.

Vanquished Creatures (collateral kills)
  A ball python (D:3)
1 creature vanquished.

Vanquished Creatures (others)
  A goblin (D:2)
1 creature vanquished.

Grand Total: 75 creatures vanquished

Notes
Turn   | Place    | Note
-------+----------+-------------------------------------------
     0 | D:1      | xian the Palentonga Necromancer began the quest for the
                  | Orb.
     0 | D:1      | Reached XP level 1. HP: 13/13 MP: 3/3
   584 | D:1      | Reached XP level 2. HP: 20/20 MP: 3/5
  1536 | D:2      | Reached XP level 3. HP: 24/25 MP: 1/6
  1932 | D:2      | Found a faded altar of an unknown god.
  2327 | D:3      | HP: 1/25 [poisoned by an adder]
  2659 | D:3      | Reached XP level 4. HP: 25/32 MP: 2/7
  3615 | D:3      | Reached skill level 5 in Necromancy
  3621 | D:3      | Learned a level 3 spell: Vampiric Draining
  3727 | D:3      | Learned a level 4 spell: Animate Dead
  4157 | D:4      | Reached XP level 5. HP: 38/38 MP: 7/9
  4194 | D:4      | Found a sand-covered staircase.
  4208 | Ossuary  | Entered an ossuary
  4421 | Ossuary  | Reached skill level 1 in Short Blades
  4543 | Ossuary  | HP: 1/38 [mummy (10)]
  4547 | Ossuary  | Slain by a mummy

Illustrated notes

Levels and vault maps discovered:
D:1:      dpeg_arrival_arbitrary_c, layout_basic, chequers_serial_rivers_large_a
D:2:      layout_loops_ring, dreamdust_ecumenical_altar_angels_and_demons,
          amcnicky_mini_rare_corridor_liquid, lemuel_flame_loot_1
D:3:      layout_basic, nicolae_hexahallways
D:4:      layout_rooms, amcnicky_altar_gilded, enter_ossuary_3,
          nicolae_eternal_life, kennysheep_decorative_pillar
Ossuary:  ossuary_tomb_1

Skill      XL: |  1  2  3  4  5 |
---------------+----------------+-----
Necromancy     | 5 |  5.1
Spellcasting   | 3 |  3.1
Short Blades   | 1 |  1.0
Fighting       | |  0.6
Axes           | |  0.8
Dodging        | |  1.9
Stealth        | |  1.8
Unarmed Combat | |  0.4

Action                   |  1- 3 |  4- 6 || total
-------------------------+-------+-------++-------
Melee: Short sword       |    27 |       ||    27
       Tailslap          |     8 |    21 ||    29
       Unarmed           |     4 |       ||     4
       Punch             |     2 |     2 ||     4
       War axe           |    19 |       ||    19
       Dagger            |     1 |   180 ||   181
 Cast: Necrotise         |    28 |    15 ||    43
Evoke: Wand              |       |     2 ||     2
  Use: Scroll            |       |     4 ||     4
       Potion            |       |     3 ||     3
 Stab: Sleeping          |     1 |       ||     1
Armor: Robe              |    38 |   139 ||   177
Dodge: Dodged            |    34 |   126 ||   160

Table legend: (Time is in decaauts)
 A = Elapsed time spent in this place.
 B = Non-inter-level travel time spent in this place.
 C = Inter-level travel time spent in this place.
 D = Time resting spent in this place.
 E = Time spent auto-exploring this place.
 F = Levels seen in this place.
 G = Mean time per level.
                   A        B        C        D        E       F      G
               +--------+--------+--------+--------+--------+-----+--------+
         Total |   4562 |   4452 |    110 |    416 |   2872 |   5 |  912.4 |
       Dungeon |   4228 |   4118 |    110 |    416 |   2793 |   4 | 1057.0 |
       Ossuary |    334 |    334 |      0 |      0 |     79 |   1 |  334.0 |
               +--------+--------+--------+--------+--------+-----+--------+

Top non-repeatable levels by time:
     D:3: 1830 daAuts
     D:1: 1507 daAuts
     D:2: 774 daAuts
 Ossuary: 334 daAuts
     D:4: 116 daAuts
